AoeStats
← ChrispyBlue

Glade

510417971Analyzed
1v1 RM · 2d ago on Sep 30, 2026· 21m 42s· 2 players
Game mode
Random Map
Map size
Tiny (2 player)
Population
200
Speed
Normal
Resources
Standard
Victory
Conquest
Starting age
Dark Age
Ending age
Imperial Age
RankedLock teamsTeams togetherTeam positionsShared explorationLock speedFull tech treeHidden civsTurbo modeCheats
Victory
Defeat
🇺🇸 Goths · United States
901
+17
🇺🇸 Inca · United States
926
-17
ChrispyBlue
0:44 Loom
10:53 Feudal Age
13:21 Man-at-Arms
19:18 Castle Age
18:13 Stone Mining
StampedVoice276
12:38 Feudal Age
12:11 Loom
13:17 Double-Bit Axe
14:18 Horse Collar
21:06 Castle Age
19:19 Fletching
19:29 Padded Archer Armor
20:21 Forging
20:11 Scale Mail Armor
Connection lost

Rejoining the realm…

Still unreachable

The connection could not be restored.

Session expired

The server has moved on; the page needs a fresh start.